Map: At Eternity's Edge LE

Players

Khamsin - Winner!

  • Race: Protoss Protoss

I.A. 1 (Difficilissima)

  • Race: Protoss Protoss

VOD

Have the link to the VOD?

Description

Time

  • Played on: Sept. 19, 2026, 11:59 p.m.
  • Length: 14:10
Show
View Real Time Build Order
Export as new Build Order

Khamsin Protoss - Winner!

Build Orders: Chargelot Immortal 

Get SALT Encoding   

  8  0:00  Probe (Chrono Boost)  
  9  0:12  Probe (Chrono Boost)  
  10  0:18  Probe  
  11  0:30  Probe  
  13  0:42  Probe  
  13  0:45  Pylon  
  13  1:03  Probe (Chrono Boost)  
  14  1:15  Probe (Chrono Boost)  
  14  1:17  Gateway  
  15  1:24  Probe (Chrono Boost)  
  16  1:32  Assimilator  
  16  1:39  Probe  
  17  1:51  Probe  
  18  2:03  Probe  
  19  2:15  Cybernetics Core  
  19  2:19  Nexus  
  19  2:22  Pylon  
  19  2:28  Probe (Chrono Boost)  
  20  2:39  Probe (Chrono Boost)  
  21  2:44  Probe (Chrono Boost)  
  22  2:54  Probe  
  22  2:57  Stalker  
  25  2:59  Warp Gate  
  25  3:06  Probe  
  26  3:15  Pylon  
  26  3:18  Probe (Chrono Boost)  
  26  3:19  Pylon  
  27  3:30  Probe (Chrono Boost)  
  27  3:33  Stalker  
  30  3:35  Probe (Chrono Boost)  
  30  3:39  Probe (Chrono Boost)  
  34  3:50  Probe x2 (Chrono Boost)  
  34  3:51  Robotics Facility  
  34  3:55  Probe (Chrono Boost)  
  34  3:57  Assimilator  
  35  4:05  Probe  
  36  4:17  Probe (Chrono Boost)  
  36  4:23  Probe (Chrono Boost)  
  38  4:25  Stalker  
  38  4:27  Probe (Chrono Boost)  
  42  4:31  Probe (Chrono Boost)  
  42  4:32  Probe (Chrono Boost)  
  43  4:39  Gateway  
  43  4:41  Immortal, Probe  
  48  5:01  Assimilator  
  48  5:02  Shield Battery  
  48  5:04  Probe (Chrono Boost)  
  50  5:14  Probe (Chrono Boost)  
  50  5:19  Probe (Chrono Boost), Gateway  
  51  5:23  Pylon  
  51  5:26  Pylon  
  51  5:30  Nexus  
  51  5:36  Probe (Chrono Boost)  
  52  5:47  Probe (Chrono Boost)  
  53  5:51  Probe (Chrono Boost)  
  53  5:52  Stalker  
  53  5:53  Zealot  
  58  5:59  Immortal  
  58  6:02  Probe  
  63  6:10  Twilight Council  
  63  6:14  Probe  
  63  6:15  Robotics Bay  
  64  6:24  Stalker  
  66  6:25  Zealot  
  66  6:29  Stalker  
  70  6:38  Immortal  
  74  6:40  Assimilator  
  74  6:44  Probe  
  75  6:48  Charge  
  75  6:56  Probe  
  75  6:57  Stalker  
  75  6:58  Zealot x2  
  75  6:59  Forge  
  75  7:00  Forge  
  83  7:08  Probe  
  83  7:12  Gateway  
  83  7:14  Gateway  
  83  7:15  Gateway  
  83  7:18  Immortal  
  83  7:22  Robotics Facility  
  87  7:24  Robotics Facility  
  87  7:31  Pylon  
  87  7:33  Pylon  
  87  7:35  Pylon  
  87  7:49  Probe  
  88  7:56  Assimilator  
  88  7:59  Pylon, Assimilator  
  88  8:01  Probe  
  88  8:03  Pylon  
  89  8:09  Stalker x2  
  89  8:10  Zealot  
  95  8:13  Probe  
  96  8:25  Probe  
  97  8:28  Stalker  
  97  8:29  Zealot x2  
  103  8:37  Colossus x3, Probe  
  122  8:47  Protoss Ground Weapons Level 1, Protoss Ground Armor Level 1  
  122  8:54  Probe  
  123  9:06  Probe  
  124  9:13  Stalker  
  124  9:18  Probe  
  113  9:30  Probe  
  94  9:39  Stalker  
  94  9:40  Stalker, Zealot x2  
  94  9:41  Zealot x2  
  94  9:42  Probe  
  103  9:55  Immortal x2, Colossus  
  109  10:18  Stalker  
  109  10:19  Stalker x2  
  109  10:20  Zealot x3  
  119  10:31  Gateway  
  119  10:32  Gateway  
  119  10:33  Colossus  
  119  10:34  Gateway  
  125  10:57  Probe  
  125  10:58  Protoss Shields Level 1 (Chrono Boost)  
  125  10:59  Protoss Ground Weapons Level 2 (Chrono Boost)  
  125  11:03  Nexus  
  126  11:04  Pylon  
  126  11:05  Pylon  
  126  11:08  Pylon  
  126  11:09  Probe  
  127  11:22  Colossus, Probe  
  134  11:35  Probe, Pylon  
  134  11:38  Pylon  
  135  11:40  Pylon  
  135  11:41  Stalker x2  
  135  11:42  Zealot x3  
  135  11:43  Zealot  
  135  11:44  Zealot  
  135  11:45  Stalker  
  151  11:53  Probe, Colossus  
  158  11:55  Colossus  
  164  12:05  Probe  
  143  12:16  Immortal  
  143  12:17  Probe  
  143  12:21  Stalker x2  
  143  12:22  Stalker x2, Zealot  
  144  12:23  Zealot x3  
  144  12:24  Stalker  
  144  12:29  Probe  
  153  12:46  Stalker x3  
  153  12:47  Zealot x3, Immortal  
  153  12:48  Zealot x2  
  153  12:49  Immortal  
  153  12:50  Zealot  
  179  12:55  Colossus  
  185  13:36  Stalker  
  185  13:37  Pylon  
  185  13:39  Pylon  
  185  13:41  Pylon  
  191  13:58  Stalker  
  191  13:59  Stalker x2, Zealot  
Show
View Real Time Build Order
Export as new Build Order

I.A. 1 (Difficilissima) Protoss 

Build Orders: Blink Stalkers, Zealot Archon 

Get SALT Encoding   

  8  0:00  Probe  
  9  0:13  Probe  
  10  0:25  Probe  
  11  0:37  Probe  
  12  0:47  Pylon  
  12  0:49  Probe  
  13  1:01  Probe  
  13  1:09  Probe  
  13  1:10  Gateway  
  15  1:19  Probe  
  15  1:21  Assimilator  
  16  1:31  Probe  
  17  1:37  Pylon  
  17  1:43  Probe  
  18  1:55  Probe  
  18  2:00  Cybernetics Core  
  19  2:03  Probe  
  19  2:06  Zealot  
  22  2:11  Probe  
  22  2:13  Assimilator  
  22  2:22  Probe  
  24  2:34  Probe  
  25  2:37  Warp Gate  
  25  2:38  Stalker  
  27  2:44  Pylon  
  27  2:46  Probe  
  29  2:58  Probe  
  29  3:00  Twilight Council  
  29  3:07  Probe  
  29  3:09  Gateway  
  30  3:18  Probe, Stalker  
  33  3:31  Blink  
  33  3:41  Gateway  
  33  3:47  Stalker  
  35  3:55  Pylon  
  35  4:00  Stalker  
  37  4:13  Probe  
  40  4:19  Stalker  
  40  4:25  Probe  
  41  4:31  Zealot  
  41  4:32  Adept  
  41  4:36  Pylon  
  45  4:48  Robotics Facility  
  45  4:54  Adept x2  
  45  4:58  Adept  
  51  5:23  Nexus  
  51  5:31  Templar Archives  
  51  5:39  Pylon  
  51  6:02  Pylon  
  51  6:07  High Templar  
  53  6:20  Zealot, High Templar  
  57  6:27  Archon  
  57  6:35  Probe  
  57  6:36  Probe  
  59  6:44  Assimilator  
  59  6:46  Assimilator  
  59  6:47  Probe  
  59  6:49  Probe, High Templar  
  63  6:59  Probe  
  63  7:01  Probe  
  65  7:12  Probe  
  65  7:13  Probe  
  65  7:15  High Templar  
  69  7:24  Probe  
  69  7:25  Sentry, Probe  
  69  7:28  Pylon  
  73  7:31  Archon  
  73  7:32  Observer, Forge  
  73  7:33  Probe  
  75  7:37  Probe  
  75  7:41  Probe  
  76  7:46  High Templar  
  76  7:47  Forge  
  76  7:49  Probe  
  76  7:50  Probe  
  76  7:51  Pylon  
  81  8:00  Pylon  
  81  8:01  High Templar, Probe  
  81  8:03  Probe  
  81  8:05  Stalker  
  87  8:07  Gateway  
  87  8:13  Probe  
  87  8:15  Probe  
  87  8:18  Archon  
  89  8:21  High Templar  
  89  8:22  Probe  
  89  8:23  Pylon  
  89  8:24  Photon Cannon  
  92  8:27  Probe, Stalker  
  92  8:30  Probe  
  95  8:36  Probe  
  95  8:37  High Templar  
  99  8:43  Pylon  
  99  8:50  Stalker  
  101  8:56  Sentry  
  101  8:57  Nexus  
  101  8:58  Zealot  
  105  9:08  Pylon, Immortal  
  109  9:12  Zealot  
  109  9:13  Zealot  
  113  9:18  Zealot  
  113  9:20  Zealot  
  111  9:31  Pylon  
  101  9:34  Zealot x2  
  97  9:40  Stalker  
  97  9:42  Stalker  
  81  9:48  Immortal  
  81  9:49  Stalker  
  85  9:53  High Templar  
  87  10:02  Zealot  
  87  10:05  High Templar  
  91  10:09  Probe x2, Zealot  
  91  10:10  Probe  
  80  10:17  Zealot  
  80  10:21  Assimilator, Probe  
  68  10:22  Probe x2, Assimilator  
  68  10:24  Sentry  
  73  10:30  Probe  
  73  10:31  Stalker  
  73  10:34  High Templar, Probe x2  
  80  10:38  Probe  
  80  10:40  Adept  
  83  10:46  Probe, Zealot  
  83  10:47  Probe, Archon  
  83  10:48  Probe  
  87  10:53  Sentry  
  90  10:57  Stalker  
  90  10:58  Probe  
  90  11:00  Probe x2  
  95  11:08  Stalker  
  95  11:09  High Templar  
  95  11:10  Probe  
  100  11:14  High Templar  
  100  11:16  Stalker  
  104  11:20  Immortal  
  108  11:27  Archon  
  108  11:31  Adept, Photon Cannon  
  108  11:32  Photon Cannon  
  110  11:34  Pylon, High Templar  
  110  11:38  High Templar  
  114  11:48  Stalker  
  114  11:49  Stalker  
  118  11:54  Photon Cannon  
  118  11:57  Archon  
  118  11:58  Pylon  
  118  11:59  Immortal  
  122  12:03  Stalker  
  112  12:09  Zealot  
  112  12:11  Zealot  
  112  12:13  Zealot  
  104  12:21  Zealot  
  82  12:28  Stalker  
  76  12:31  Zealot  
  76  12:35  Photon Cannon, Sentry  
  80  12:37  Warp Prism  
  80  12:43  Sentry, Probe  
  79  12:46  Pylon, Zealot  
  79  12:50  Probe  
  76  12:53  Stalker  
  76  12:56  Probe  
  76  12:57  High Templar  
  76  12:58  Stalker  
  67  13:02  Probe  
  68  13:08  Probe, Zealot  
  71  13:14  Immortal, Probe  
  71  13:15  Zealot  
  71  13:17  Stalker  
  75  13:20  Probe  
  75  13:22  Stalker  
  77  13:30  High Templar  
  77  13:32  Probe  
  70  13:37  Zealot  
  70  13:39  Sentry  
  70  13:40  Probe  
  42  13:44  Zealot  
  31  13:49  Probe  
  31  13:59  High Templar  
  31  14:02  High Templar  
  25  14:05  Zealot  
  25  14:07  Stalker  
Tags
 
Add a new tag
Caveats
  • Supply blocks, unpowered buildings, or Contaminate may cause inaccurate times.
  • Supply counts are checked every 10 seconds.